 Dungeon Crawl Stone Soup version 0.27-a0-1081-ge8a0a9c698 (console) character file.

Game seed: 5458495786203502847

444163 nht the Warrior (level 23, 0/208 (218) HPs)
             Began as a Minotaur Hunter on Apr 25, 2021.
             Was an Initiate of Gozag.
             Killed from afar by a deep elf sorcerer (49 damage)
             ... with a bolt of acid
             ... on level 5 of the Vaults.
             The game lasted 02:33:07 (67683 turns).

nht the Warrior (Minotaur Hunter)                  Turns: 67683, Time: 02:33:08

HP:   0/208 (218)   AC: 45    Str: 27    XL:     23   Next: 7%
MP:   22/22         EV:  9    Int:  6    God:    Gozag
Gold: 9824          SH: 32    Dex: 13    Spells: 22/22 levels left

rFire    + + .     SeeInvis .   a - +9 staff of Olgreb {rPois∞}
rCold    + + +     Faith    .   j - +3 tower shield {AC+3}
rNeg     . . .     Spirit   .   D - +13 crystal plate armour of Sad Buja {rElec Will+ Stlth-}
rPois    ∞         Reflect  +   R - +2 hood of the Assassin {Detection Stab+ Stlth++}
rElec    +         Harm     .   C - scarf {shadows}
rCorr    .         Rampage  +   d - +2 pair of gloves {archery}
Will     ++++.                  E - +2 pair of boots {rampage}
Stlth    ..........             g - amulet of reflection
HPRegen  0.44/turn              W - ring of the Bull {+Blink rF+ rC++ Will+ Int-2}
MPRegen  0.18/turn              U - ring "Juaxoth" {Fly rPois rF+ rC+ Will+}

@: flying, studying Short Blades, lightly drained
A: horns 2, retaliatory headbutt, talons 1, deformed body, strong 1
}: 2/15 runes: serpentine, barnacled
a: Renounce Religion, Evoke Blink, Potion Petition, Call Merchant, Bribe Branch


You were on level 5 of the Vaults.
You worshipped Gozag.
Gozag was greatly pleased with you.
You visited 8 branches of the dungeon, and saw 40 of its levels.
You also visited: Bailey, Ice Cave and Desolation.

You collected 22587 gold pieces.
You spent 12696 gold pieces at shops.
You paid 67 gold pieces to Gozag.

Inventory:

Hand Weapons
 a - the +9 staff of Olgreb (weapon) {rPois∞}
   (You found it on level 6 of the Dungeon)

   It may poison the flesh of those it strikes, and is more effective with a
   high Evocations skill.
   It enhances your poison magic.
   It grants immunity to poison.
   It can be evoked to poison those around you for a time.
Missiles
 n - 14 javelins
 B - 4 boomerangs of dispersal
 J - 20 silver javelins
 N - 12 throwing nets
 P - 89 boomerangs (quivered)
 Q - 18 atropa-tipped darts
 T - 3 curare-tipped darts
Armour
 d - a +2 pair of gloves of archery (worn)
 j - a +3 tower shield of protection (worn)
 C - a scarf of shadows (worn)
 D - the +13 crystal plate armour of Sad Buja (worn) {rElec Will+ Stlth-}
   (You bought it in a shop on level 11 of the Dungeon)

   It insulates you from electricity.
   It increases your willpower.
   It makes you less stealthy.
 E - a +2 pair of boots of rampaging (worn)
 G - the +3 crown of Dyrovepreva {rElec Int+2 SInv}
   (You bought it in a shop on level 8 of the Dungeon)

   It affects your intelligence (+2).
   It insulates you from electricity.
   It lets you see invisible.
 R - the +2 hood of the Assassin (worn) {Detection Stab+ Stlth++}
   (You bought it in a shop on level 2 of the Orcish Mines)

   It makes you much more stealthy.
 Y - the +2 pair of boots of Misanthropy {rElec rPois rF+ Stlth+}
   (You found it on level 1 of the Elven Halls)

   It protects you from fire.
   It insulates you from electricity.
   It protects you from poison.
   It makes you more stealthy.
Jewellery
 b - the ring of the Genius {rC- Will+ Str+2 Dex+5 SInv}
   (You found it on level 2 of the Shoals)

   [ring of see invisible]

   It affects your strength (+2).
   It affects your dexterity (+5).
   It makes you vulnerable to cold.
   It lets you see invisible.
   It increases your willpower.
 e - the ring of Sohojo {Fly rN+++ Will++ Dex-2}
   (You acquired it on level 3 of the Elven Halls)

   [ring of flight]

   It affects your dexterity (-2).
   It renders you almost immune to negative energy.
   It grants you flight.
   It greatly increases your willpower.
 g - an amulet of reflection (around neck)
 v - the ring "Lentaiji" {rCorr MP+9 Int+3 Dex+2 Stlth+}
   (You found it in the Desolation of Salt)

   [ring of magical power]

   It affects your intelligence (+3).
   It affects your dexterity (+2).
   It affects your magic capacity (+9).
   It protects you from acid and corrosion.
   It makes you more stealthy.
 S - the ring "Ylaim" {rPois rF+ rC+ Int+3 Dex-2}
   (You found it on level 2 of the Lair of Beasts)

   [ring of protection from fire]

   It affects your intelligence (+3).
   It affects your dexterity (-2).
   It protects you from fire.
   It protects you from cold.
   It protects you from poison.
 U - the ring "Juaxoth" (right hand) {Fly rPois rF+ rC+ Will+}
   (You found it on level 1 of the Shoals)

   [ring of protection from fire]

   It protects you from fire.
   It protects you from cold.
   It protects you from poison.
   It grants you flight.
   It increases your willpower.
 W - the ring of the Bull (left hand) {+Blink rF+ rC++ Will+ Int-2}
   (You found it on level 6 of the Lair of Beasts)

   [ring of willpower]

   It affects your intelligence (-2).
   It protects you from fire.
   It greatly protects you from cold.
   It lets you blink.
   It increases your willpower.
Wands
 f - a wand of iceblast (28)
 q - a wand of polymorph (21)
 I - a wand of charming (15)
 M - a wand of mindburst (24)
 O - a wand of acid (2)
 Z - a wand of digging (4)
Scrolls
 c - 2 scrolls of holy word
 l - 4 scrolls of blinking
 o - 13 scrolls of teleportation
 s - 27 scrolls of identify
 w - 6 scrolls of magic mapping
 A - 8 scrolls of fog
 L - 2 scrolls of immolation
Potions
 h - 6 potions of mutation
 i - 13 potions of might
 p - 10 potions of attraction
 r - 2 potions of invisibility
 t - 11 potions of flight
 x - 3 potions of lignification
 y - 19 potions of curing
 z - 6 potions of cancellation
 F - 13 potions of heal wounds
 H - 3 potions of resistance
 K - 10 potions of haste
Miscellaneous
 k - a phial of floods
 m - a piece from Xom's chessboard (15/15)
 u - a condenser vane (inert)
 V - a lightning rod (4/4)
 X - a box of beasts


   Skills:
 + Level 20.8 Fighting
 - Level 10.0 Short Blades
 - Level 12.0 Staves
 - Level 18.3 Throwing
 + Level 20.1 Armour
 - Level 8.1 Dodging
 - Level 8.0 Stealth
 + Level 20.3 Shields
 - Level 16.0 Evocations


You had 22 spell levels left.
You didn't know any spells.
Your spell library contained the following spells:

 Spells                   Type           Power      Damage    Failure   Level
 Animate Skeleton         Necr           0%         N/A       100%        1
 Apportation              Tloc           0%         N/A       100%        1
 Beastly Appendage        Tmut           0%         N/A       100%        1
 Corona                   Hex            0%         N/A       100%        1
 Foxfire                  Conj/Fire      0%         2x1d4     100%        1
 Magic Dart               Conj           0%         1d3       100%        1
 Pain                     Necr           0%         1d4       100%        1
 Sandblast                Erth           0%         2d4       100%        1
 Summon Small Mammal      Summ           0%         N/A       100%        1
 Blink                    Tloc           N/A        N/A       100%        2
 Call Imp                 Summ           0%         N/A       100%        2
 Ensorcelled Hibernation  Hex/Ice        0%         N/A       100%        2
 Passwall                 Tmut/Erth      0%         N/A       100%        2
 Poisonous Vapours        Pois/Air       0%         N/A       100%        2
 Slow                     Hex            0%         N/A       100%        2
 Static Discharge         Conj/Air       0%         N/A       100%        2
 Wereblood                Tmut           0%         N/A       100%        2
 Call Canine Familiar     Summ           0%         N/A       100%        3
 Confusing Touch          Hex            0%         N/A       100%        3
 Conjure Flame            Conj/Fire      0%         6-21      100%        3
 Dazzling Flash           Conj/Hex       0%         N/A       100%        3
 Gell's Gravitas          Tloc           0%         N/A       100%        3
 Ignite Poison            Fire/Tmut/Pois 0%         N/A       100%        3
 Lesser Beckoning         Tloc           0%         N/A       100%        3
 Mephitic Cloud           Conj/Pois/Air  0%         N/A       100%        3
 Spider Form              Tmut/Pois      0%         N/A       100%        3
 Summon Guardian Golem    Hex/Summ       0%         N/A       100%        3
 Teleport Other           Tloc           0%         N/A       100%        3
 Tukima's Dance           Hex            0%         N/A       100%        3
 Vampiric Draining        Necr           0%         2d6       100%        3
 Animate Armour           Summ/Erth      0%         N/A       100%        4
 Animate Dead             Necr           0%         N/A       100%        4
 Cause Fear               Hex            0%         N/A       100%        4
 Ice Form                 Ice/Tmut       0%         N/A       100%        4
 Leda's Liquefaction      Hex/Erth       0%         N/A       100%        4
 Petrify                  Tmut/Erth      0%         N/A       100%        4
 Summon Ice Beast         Ice/Summ       0%         N/A       100%        4
 Summon Lightning Spire   Summ/Air       0%         N/A       100%        4
 Agony                    Necr           0%         N/A       100%        5
 Bolt of Magma            Conj/Fire/Erth 0%         4d4       100%        5
 Hydra Form               Tmut           0%         N/A       100%        5
 Iskenderun's Battlesphe  Conj           0%         2d6       100%        5
 Lightning Bolt           Conj/Air       0%         1d11      100%        5
 Manifold Assault         Tloc           0%         N/A       100%        5
 Metabolic Englaciation   Hex/Ice        0%         N/A       100%        5
 Silence                  Hex/Air        0%         N/A       100%        5
 Summon Forest            Summ/Tloc      0%         N/A       100%        5
 Summon Mana Viper        Hex/Summ       0%         N/A       100%        5
 Yara's Violent Unravell  Hex/Tmut       0%         3d3       100%        5
 Conjure Ball Lightning   Conj/Air       0%         3x3d6     100%        6
 Freezing Cloud           Conj/Ice/Air   0%         6-21      100%        6
 Iron Shot                Conj/Erth      0%         9d1       100%        6
 Shadow Creatures         Summ           N/A        N/A       100%        6
 Statue Form              Tmut/Erth      0%         N/A       100%        6
 Dragon Form              Tmut           0%         N/A       100%        7
 Haunt                    Necr/Summ      0%         N/A       100%        7
 Malign Gateway           Summ/Tloc      0%         N/A       100%        7
 Monstrous Menagerie      Summ           0%         N/A       100%        7
 Orb of Destruction       Conj           0%         N/A       100%        7
 Spellforged Servitor     Conj/Summ      0%         N/A       100%        7
 Summon Hydra             Summ           0%         N/A       100%        7
 Ignition                 Fire           0%         3d3       100%        8
 Summon Horrible Things   Summ           0%         N/A       100%        8
 Dragon's Call            Summ           0%         N/A       100%        9
 Shatter                  Erth           0%         3d5*      100%        9
 Tornado                  Air            0%         N/A       100%        9


Dungeon Overview and Level Annotations

Branches:
Dungeon (15/15)            Temple (1/1) D:5            Lair (6/6) D:9
 Shoals (4/4) Lair:2        Snake (4/4) Lair:2          Orc (2/2) D:10
    Elf (3/3) Orc:2        Vaults (5/5) D:14          Crypt (0/3) Vaults:2
 Depths (0/5) D:15         Bailey (visited)           IceCv (visited)
Desolation (visited)
  Slime: Lair:5-6

Altars:
Ashenzari
Cheibriados
Dithmenos
Elyvilon
Fedhas
Gozag
Hepliaklqana
Kikubaaqudgha
Makhleb
Nemelex Xobeh
Okawaru
Qazlal
Ru
Sif Muna
Trog
Uskayaw
Vehumet
Wu Jian
Xom
Yredelemnul
Zin
The Shining One
Beogh

Shops:
D:7 *[   D:8 [[[[   D:11 [   Orc:2 [:([*   Elf:1 [**!   Shoals:2 (
Snake:1 ::(   Vaults:2 !   Vaults:4 !:(::

Annotations:
D:6 1 runed translucent door
Snake:2 3 runed translucent doors, Ciekar's ghost, adept MiWr; Efeterghoju's ghost, adept GnCj
Orc:2 3 runed translucent doors, casual's ghost, journeyman DjCj; emiel's ghost, journeyman OgIE; nht's ghost, journeyman DsEE


Innate Abilities, Weirdness & Mutations

You have a pair of horns on your head.
You reflexively headbutt those who attack you in melee.
You have sharp toenails.
Armour fits poorly on your strangely shaped body.
Your muscles are strong. (Str +2)


Message History

The tentacled monstrosity becomes distracted by the nearby gold, dreaming of imaginary riches.
Found 3 gold pieces and a scale mail.
Clouds of poison gas condense around you!
The condenser dries out!
The tentacled monstrosity is no longer distracted by gold.
The vault warden is engulfed in poison gas.
The vault warden is poisoned.
You block the vault warden's attack.
The necromancer gestures wildly while chanting.
The necromancer binds the souls of nearby monsters.
The tentacled monstrosity becomes distracted by the nearby gold, dreaming of imaginary riches.
Unknown command.
As you read the scroll of teleportation, it crumbles to dust.
You feel strangely unstable.
The vault warden looks even sicker.
The vault warden hits you but does no damage.
The snapping turtle is engulfed in poison gas.
The snapping turtle is poisoned.
The necromancer becomes distracted by the nearby gold, dreaming of imaginary riches.
You rampage towards the necromancer!
The tentacled monstrosity is no longer distracted by gold.
The vault warden is engulfed in poison gas.
The vault warden looks even sicker.
The yaktaur captain becomes distracted by the nearby gold, dreaming of imaginary riches.
Your surroundings suddenly seem different.
Found a scroll of enchant armour.
Okay, then.
You start resting.
You sense a monster nearby.
You start resting.
You sense a monster nearby.
A deep elf sorcerer comes into view. It is wielding a +0 rapier.
The deep elf sorcerer shouts!
You throw a boomerang.
The boomerang hits the deep elf sorcerer!!
The deep elf sorcerer is moderately wounded.
You throw a boomerang.
The boomerang closely misses the deep elf sorcerer.
The deep elf sorcerer gestures at you while chanting.
The bolt of acid hits you!!!
You die...
Your body crumbles into a pile of gold.

██..█..█..█ .
....█..█ {
...█..█ █..█..█ $
$ $ █..█..█ $ $
█..█..█ $ {$
█..█..█
..█████████..█..█
..e...@.........█
................█
..████████████..█
..... ......
████..█ ..█


You could see a deep elf sorcerer.

Vanquished Creatures
  An ancient lich (Vaults:5)
  Boris (Vaults:3)
  Vashnia (Snake:4)
  Margery (Vaults:3)
  Nikola (Shoals:3)
  2 tentacled monstrosities (Vaults:5)
  An Ice Fiend (IceCv)
  Rupert (D:14)
  Asterion (Elf:1)
  A quicksilver dragon (Vaults:5)
  A titan (Vaults:5)
  2 deep elf master archers (Elf:3)
  2 deep elf blademasters (Elf:3)
  3 sphinxes
  An ancient champion (Vaults:2)
  Agnes (Elf:2)
  Kirke (D:13)
  3 tengu reavers
  Ilsuiw (Shoals:4)
  A storm dragon (Vaults:5)
  A fire giant (Vaults:5)
  2 deep elf sorcerers (Elf:3)
  3 nagarajas
  10 vault wardens
  3 orc warlords
  8 deep elf elementalists
  2 imperial myrmidons (Desolation)
  3 stone giants
  19 ironbound preservers
  9 very ugly things
  4 war gargoyles
  Nessos (D:14)
  11 deep elf annihilators
  2 entropy weavers
  8 dire elephants
  5 deep elf demonologists
  2 halazid warlocks (Desolation)
  2 merfolk javelineers
  10 merfolk impalers
  4 deep elf death magi
  8 deep elf high priests
  3 crystal guardians
  6 ragged hierophants
  Josephine (D:15)
  16 yaktaur captains
  11 boulder beetles
  6 great orbs of eyes
  Fannar (Lair:3)
  7 naga warriors
  7 peacekeepers
  5 salamander tyrants
  26 vault guards
  An ogre mage (D:15)
  An ice dragon (Elf:2)
  6 ironbound thunderhulks
  14 hydras
  7 servants of whispers (Desolation)
  12 anacondas
  An alligator snapping turtle (Shoals:4)
  The ghost of Iwannabefree the Spear-Bearer, a novice NaDe (D:9)
  5 catoblepae
  6 centaur warriors
  2 merfolk avatars
  7 merfolk aquamancers
  4 satyrs
  8 ironbound frosthearts
  3 tengu warriors
  7 two-headed ogres
  7 death yaks (Lair:6)
  7 ironbound beastmasters
  A vampire mage (Vaults:2)
  10 naga sharpshooters
  2 orc high priests
  Nergalle (D:12)
  16 deep elf knights
  3 hell knights (Vaults:3)
  7 salamander mystics
  A skeletal warrior (Vaults:2)
  15 sea snakes
  41 deep trolls
  4 deep elf archers
  9 naga ritualists
  16 ironbound convokers
  24 harpies
  10 mana vipers
  11 wizards
  2 phantasmal warriors
  7 lindwurms
  21 deep elf zephyrmancers
  A harpy (shapeshifter) (D:14)
  26 deep elf pyromancers
  3 necromancers
  6 orc knights
  3 orc sorcerers
  7 cyclopes
  3 wolf spiders
  21 manticores
  20 salamanders
  27 ugly things
  14 fauns
  11 guardian serpents
  6 merfolk sirens
  47 black mambas
  A torpor snail (Lair:3)
  18 elephants
  4 ice statues
  2 gargoyles
  18 naga magi
  5 water nymphs
  A titan simulacrum (Vaults:4)
  A molten gargoyle (Desolation)
  17 vault sentinels
  18 cane toads
  A cane toad (shapeshifter) (D:13)
  An unseen horror (D:12)
  7 rime drakes
  6 komodo dragons
  An efreet (D:14)
  3 anaconda simulacra (IceCv)
  3 freezing wraiths
  2 tengu conjurers
  40 yaktaurs
  An entropy weaver simulacrum (Vaults:2)
  9 ice devils (IceCv)
  A golden dragon simulacrum (IceCv)
  27 merfolk
  10 trolls
  2 polar bears
  5 meliai
  7 wind drakes
  52 saltlings
  A hornet (D:10)
  A slime creature (shapeshifter) (Vaults:1)
  17 slime creatures
  10 dream sheep
  5 blink frogs
  10 snapping turtles
  An ettin skeleton (Vaults:4)
  5 shadows
  4 redbacks
  4 air elementals
  8 wraiths
  14 water elementals
  2 dire elephant simulacra (IceCv)
  Sigmund (D:2)
  A vampire (D:12)
  7 wyverns
  3 hogs
  48 yaks
  2 fire elementals (Elf:3)
  4 basilisks
  5 steam dragons
  An elf skeleton (Vaults:4)
  4 vampire mosquitoes (D:12)
  2 harpy simulacra (IceCv)
  7 wargs
  55 nagas
  5 acid dragons
  17 water moccasins
  A hydra simulacrum (IceCv)
  7 ice beasts
  4 black bears
  29 orc warriors
  An ettin simulacrum (IceCv)
  7 ogres
  An ogre (shapeshifter) (Elf:3)
  7 boggarts
  17 centaurs
  12 wolves
  A kobold brigand (D:10)
  15 bullfrogs
  An earth elemental (Elf:3)
  7 scorpions
  3 gnoll sergeants
  12 killer bees
  3 electric eels
  7 wights
  7 howler monkeys
  2 vampire bats (D:10)
  6 centaur zombies
  2 jellies
  3 lava snakes (Lair:2)
  16 orc priests
  2 centaur skeletons
  A bullfrog skeleton (D:6)
  Crazy Yiuf (D:4)
  20 orc wizards
  Ijyb (D:4)
  Natasha (thrice) (D:4)
  4 hell rats (Lair:3)
  2 killer bee zombies
  2 centaur simulacra
  8 ogre zombies (D:10)
  A hound zombie (D:4)
  A killer bee simulacrum (D:9)
  14 gnolls
  A howler monkey skeleton (D:4)
  10 adders
  A shadow imp (D:3)
  A howler monkey simulacrum (D:9)
  6 white imps
  An adder skeleton (D:4)
  3 dart slugs
  60 orcs
  3 ball pythons (D:1)
  4 bat skeletons (D:10)
  A bat zombie (D:10)
  11 endoplasms
  A giant cockroach (D:2)
  11 goblins
  8 hobgoblins
  7 jackals
  A quokka (D:5)
  6 bats
  2 frilled lizards
  3 goblin skeletons (D:10)
  2 goblin zombies (D:10)
  A hobgoblin skeleton (D:10)
  3 hobgoblin zombies (D:10)
  23 kobolds
  2 orc skeletons (D:10)
  14 orc zombies (D:10)
  6 rats
1658 creatures vanquished.

Vanquished Creatures (collateral kills)
  The ghost of Naub the Peltast, an adept HaCK of Xom (Elf:1)
  A very ugly thing (Vaults:1)
  A deep elf knight (Elf:1)
  An ugly thing (Vaults:1)
  3 cane toads (Lair:1)
  A yaktaur (Vaults:1)
  A snapping turtle (shapeshifter) (Elf:1)
  2 water moccasins (Lair:1)
  A black bear (Lair:1)
  An orc wizard (D:4)
  2 orcs (D:4)
  A giant cockroach (D:4)
16 creatures vanquished.

Vanquished Creatures (others)
  A deep elf annihilator (Elf:3)
  31 dancing weapons
  A deep elf knight (Elf:2)
  A deep elf pyromancer (Elf:1)
  A meliai (D:14)
  A saltling (Desolation)
  A redback (Vaults:1)
  An orc wizard (Elf:2)
  16 fungi
  215 plants
  6 withered plants (Snake:2)
275 creatures vanquished.

Grand Total: 1949 creatures vanquished

Notes
Turn   | Place    | Note
-------+----------+-------------------------------------------
     0 | D:1      | nht the Minotaur Hunter began the quest for the Orb.
     0 | D:1      | Reached XP level 1. HP: 18/18 MP: 0/0
   182 | D:1      | Reached XP level 2. HP: 26/26 MP: 1/1
  1359 | D:2      | Noticed Sigmund
  1366 | D:2      | Killed Sigmund
  1367 | D:2      | Reached XP level 3. HP: 22/38 MP: 2/2
  1367 | D:2      | Reached XP level 4. HP: 26/45 MP: 3/3
  1367 | D:2      | Reached XP level 5. HP: 29/51 MP: 4/4
  2464 | D:5      | Entered Level 5 of the Dungeon
  2472 | D:5      | Reached XP level 6. HP: 39/60 MP: 5/5
  2829 | D:4      | Noticed Ijyb
  2844 | D:4      | Killed Ijyb
  2944 | D:4      | Noticed Natasha
  2951 | D:4      | Killed Natasha
  2952 | D:4      | Reached skill level 1 in Short Blades
  3117 | D:4      | Noticed Natasha
  3123 | D:4      | Killed Natasha
  3176 | D:4      | Noticed Natasha
  3193 | D:4      | Killed Natasha
  3640 | D:4      | Found a runed translucent door.
  3641 | D:4      | Noticed Crazy Yiuf
  3716 | D:4      | Killed Crazy Yiuf
  3717 | D:4      | Reached XP level 7. HP: 52/68 MP: 6/6
  3862 | D:5      | Found a staircase to the Ecumenical Temple.
  3867 | Temple   | Entered the Ecumenical Temple
  3916 | Temple   | Became a worshipper of Gozag Ym Sagoz the Greedy
  4123 | D:5      | Reached skill level 5 in Short Blades
  4375 | D:5      | Noticed Prince Ribbit
  4376 | D:5      | Noticed Prince Ribbit
  4376 | D:5      | Prince Ribbit changed into Prince Ribbit the water moccasin
  4380 | D:5      | Killed Prince Ribbit the water moccasin
  4894 | D:6      | Reached XP level 8. HP: 72/74 MP: 7/7
  4908 | D:6      | Found a hide-covered altar of Uskayaw.
  5105 | D:6      | Found a shadowy altar of Dithmenos.
  5242 | D:6      | Found the +9 staff of Olgreb {rPois∞}
  5250 | D:6      | Found a runed translucent gate.
  5250 | D:6      | Found a runed translucent gate.
  5251 | D:6      | Found a runed translucent door.
  5264 | D:6      | Found a runed translucent gate.
  5266 | D:6      | Found a runed translucent door.
  5623 | D:6      | Reached skill level 10 in Short Blades
  5978 | D:6      | Reached XP level 9. HP: 14/81 MP: 8/8
  6293 | D:6      | Reached skill level 5 in Dodging
  7054 | D:7      | Found Podeng's Assorted Antiques.
  7061 | D:7      | Reached skill level 1 in Evocations
  7096 | D:7      | Bought a yellow potion for 27 gold pieces
  7096 | D:7      | Bought a scroll of fog for 62 gold pieces
  7096 | D:7      | Bought a potion of curing for 93 gold pieces
  7096 | D:7      | Bought a scroll of identify for 62 gold pieces
  7096 | D:7      | Bought a scroll of magic mapping for 108 gold pieces
  7377 | D:7      | Found a shimmering blue altar of Sif Muna.
  7568 | D:7      | Found Joveiski's Armour Boutique.
  7571 | D:7      | Bought a +0 pair of gloves of archery for 126 gold pieces
  8413 | D:8      | Found Biubeacw's Armour Shoppe.
  8456 | D:8      | Found Qewiqium's Armour Shoppe.
  8907 | D:8      | Reached XP level 10. HP: 36/86 MP: 4/9
  8923 | D:8      | Reached skill level 5 in Evocations
  9197 | D:8      | Found Vigewat's Antique Armour Emporium.
  9549 | D:8      | Found Ilugil's Antique Armour Shop.
  9700 | D:8      | Reached skill level 1 in Staves
  9785 | D:8      | Bought the +3 crown of Dyrovepreva {rElec Int+2 SInv} for
                  | 496 gold pieces
  9785 | D:8      | Found the +3 crown of Dyrovepreva {rElec Int+2 SInv}
 10170 | D:9      | Found a runed translucent gate.
 10171 | D:9      | Found a runed translucent gate.
 10171 | D:9      | Found a runed translucent gate.
 10187 | D:9      | Noticed Iwannabefree's ghost (novice NaDe)
 10206 | D:9      | Noticed an elephant
 10226 | D:9      | Killed an elephant
 10385 | D:9      | Found a staircase to the Lair.
 10980 | Lair:1   | Entered Level 1 of the Lair of Beasts
 10993 | Lair:1   | Reached skill level 5 in Staves
 11103 | Lair:1   | Noticed a cane toad
 11112 | Lair:1   | Killed a cane toad
 11320 | Lair:1   | Noticed an eight-headed hydra
 11320 | Lair:1   | Noticed a cane toad
 11332 | Lair:1   | Killed an eight-headed hydra
 11334 | Lair:1   | Killed a cane toad
 11335 | Lair:1   | Reached XP level 11. HP: 40/94 MP: 2/10
 11662 | Lair:1   | Noticed a six-headed hydra
 11670 | Lair:1   | Killed a six-headed hydra
 13304 | Lair:2   | Found a runed translucent door.
 13332 | Lair:2   | Noticed a four-headed hydra
 13341 | Lair:2   | Killed a four-headed hydra
 13342 | Lair:2   | Reached skill level 10 in Staves
 13413 | Lair:2   | Reached skill level 10 in Evocations
 13587 | Lair:2   | Found a staircase to the Snake Pit.
 13773 | Lair:2   | Found a staircase to the Shoals.
 13775 | Lair:2   | You fall into a shaft and drop 2 floors!
 13853 | Lair:4   | Identified a scroll of acquirement
 13853 | Lair:4   | Acquired 456 gold pieces
 13920 | Lair:4   | Gained mutation: You have sharp toenails. [potion of
                  | mutation]
 13920 | Lair:4   | Gained mutation: Armour fits poorly on your strangely
                  | shaped body. [potion of mutation]
 13920 | Lair:4   | Gained mutation: Your muscles are strong. (Str +2) [potion
                  | of mutation]
 13927 | Lair:4   | Reached XP level 12. HP: 57/101 MP: 2/11
 14181 | Lair:3   | Reached skill level 5 in Throwing
 14820 | Lair:2   | Noticed a catoblepas
 14830 | Lair:2   | Killed a catoblepas
 14831 | Lair:2   | Reached skill level 1 in Shields
 15133 | Lair:2   | Noticed an eight-headed hydra
 15135 | Lair:2   | Noticed a four-headed hydra
 15249 | D:8      | Bought a glowing scarf for 192 gold pieces
 15249 | D:8      | Bought a smoking chain mail for 228 gold pieces
 15249 | D:8      | Identified the +6 chain mail "Tavaris" {SInv} (You bought
                  | it in a shop on level 8 of the Dungeon)
 15346 | D:8      | Bought a glowing cloak for 157 gold pieces
 15406 | D:8      | Bought the -1 buckler of the Skies Above {+Inv rC- Will+
                  | Str+7} for 321 gold pieces
 15508 | D:10     | Entered Level 10 of the Dungeon
 15543 | D:10     | Found a hazy altar of Hepliaklqana.
 15544 | D:10     | Found a shimmering altar of Xom.
 15545 | D:10     | Noticed a two-headed ogre
 15590 | D:10     | Noticed a two-headed ogre
 15599 | D:10     | Killed a two-headed ogre
 15600 | D:10     | Reached skill level 1 in Armour
 16071 | D:10     | Found a glowing golden altar of the Shining One.
 16140 | D:10     | Found a staircase to the Orcish Mines.
 16176 | D:10     | Reached skill level 5 in Shields
 16413 | D:10     | Found an ornate altar of the Wu Jian Council.
 16489 | D:10     | Found an ancient bone altar of Kikubaaqudgha.
 16880 | D:10     | Found a snail-covered altar of Cheibriados.
 16962 | Orc:1    | Entered Level 1 of the Orcish Mines
 17325 | Orc:2    | Entered Level 2 of the Orcish Mines
 17325 | Orc:2    | Found a radiant altar of Vehumet.
 17327 | Orc:2    | Found Hetwesim's Armour Emporium.
 17620 | Orc:2    | Bought the +2 hood of the Assassin {Detection Stab+
                  | Stlth++} for 1080 gold pieces
 17620 | Orc:2    | Found the +2 hood of the Assassin {Detection Stab+ Stlth++}
 17677 | Orc:2    | Reached skill level 1 in Stealth
 17866 | Orc:2    | Noticed an orc warlord
 18226 | Orc:1    | Reached XP level 13. HP: 87/103 MP: 5/12
 18457 | Orc:2    | Killed an orc warlord
 18976 | Orc:2    | Reached skill level 5 in Armour
 19239 | Orc:2    | Found a runed translucent gate.
 19239 | Orc:2    | Found a runed translucent gate.
 19240 | Orc:2    | Found a runed translucent gate.
 19243 | Orc:2    | Noticed emiel's ghost (journeyman OgIE)
 19243 | Orc:2    | Noticed casual's ghost (journeyman DjCj)
 19243 | Orc:2    | Noticed nht's ghost (journeyman DsEE)
 19786 | Orc:2    | Found Fuqy's Book Emporium.
 19922 | Orc:2    | Found a staircase to the Elven Halls.
 20080 | Orc:2    | Found Cueb's Antique Armour Emporium.
 20096 | Orc:2    | Found Lalow Tas's General Store.
 20103 | Orc:2    | Bought a potion of curing for 42 gold pieces
 20103 | Orc:2    | Bought a scroll of identify for 28 gold pieces
 20103 | Orc:2    | Bought a wand of iceblast (9) for 182 gold pieces
 20103 | Orc:2    | Bought a potion of might for 56 gold pieces
 20115 | Orc:2    | Found Cukhuas's Antique Weapon Emporium.
 20319 | Orc:2    | Bought a ripped robe for 188 gold pieces
 20319 | Orc:2    | Identified the +1 robe of Sull {rN+ Str+4} (You bought it
                  | in a shop on level 2 of the Orcish Mines)
 20319 | Orc:2    | Bought a heavy robe for 188 gold pieces
 20319 | Orc:2    | Identified the +2 robe of Yxits {SInv} (You bought it in a
                  | shop on level 2 of the Orcish Mines)
 20319 | Orc:2    | Bought a jewelled plate armour for 924 gold pieces
 20319 | Orc:2    | Identified the +1 plate armour of the World {Drain Will+
                  | MP+9 Dex+3} (You bought it in a shop on level 2 of the
                  | Orcish Mines)
 21115 | Lair:2   | Identified the +8 whip of Upheaval {freeze, Str+3}
 21382 | Lair:2   | Identified the ring "Ylaim" {rPois rF+ rC+ Int+3 Dex-2}
 21798 | Lair:3   | Noticed Fannar
 21814 | Lair:3   | Killed Fannar
 22423 | Lair:4   | Reached skill level 5 in Stealth
 23069 | Lair:4   | You fall into a shaft and drop 1 floor!
 23075 | Lair:5   | Reached XP level 14. HP: 108/111 MP: 13/13
 23447 | Lair:5   | Identified the +7 whip of Raogutoo {vamp, Str+4 Dex+2 SInv}
 24461 | Lair:6   | Entered Level 6 of the Lair of Beasts
 24482 | Lair:6   | Reached skill level 10 in Throwing
 25552 | Lair:6   | Identified the ring of the Bull {+Blink rF+ rC++ Will+
                  | Int-2}
 25824 | Lair:6   | Identified the amulet "Runeomim" {RegenMP Int+5 Dex+2}
 26177 | D:9      | Upgraded the game from 0.27-a0-1071-ga85bd9520d to
                  | 0.27-a0-1081-ge8a0a9c698
 26230 | D:9      | Killed Iwannabefree's ghost
 26345 | D:11     | Found a flagged portal.
 26360 | Bailey   | Entered a bailey
 27584 | D:11     | Found Icevval's Antique Armour Emporium.
 27590 | D:11     | Bought an encrusted crystal plate armour for 2125 gold
                  | pieces
 27590 | D:11     | Identified the +13 crystal plate armour of Sad Buja {rElec
                  | Will+ Stlth-} (You bought it in a shop on level 11 of the
                  | Dungeon)
 27590 | D:11     | Bought a pair of transparent gloves for 237 gold pieces
 27590 | D:11     | Identified the +0 pair of gloves of Sif Muna's Pride {+Inv
                  | rPois Str-4 Stlth+} (You bought it in a shop on level 11 of
                  | the Dungeon)
 27590 | D:11     | Bought a runed kite shield for 187 gold pieces
 27590 | D:11     | Bought a pair of glowing gloves for 187 gold pieces
 27590 | D:11     | Bought a bronze ring mail for 225 gold pieces
 27590 | D:11     | Identified the +0 ring mail of Dyspraxia {Dex+5} (You
                  | bought it in a shop on level 11 of the Dungeon)
 27590 | D:11     | Bought a pair of embroidered boots for 187 gold pieces
 27590 | D:11     | Bought a glowing scarf for 200 gold pieces
 28243 | D:12     | Reached XP level 15. HP: 117/122 MP: 14/14
 28373 | D:12     | Found a blossoming altar of Fedhas.
 29195 | D:12     | Noticed Nergalle
 29206 | D:12     | Killed Nergalle
 30601 | D:14     | Noticed Kirke
 30612 | D:14     | Noticed a sphinx
 30612 | D:14     | Noticed Nessos
 30766 | D:13     | Killed Kirke
 30991 | D:14     | Killed Nessos
 31120 | D:14     | Identified the +5 mace of Sorghod {pain, rN+ Int-4 Dex+2}
 31273 | D:14     | Noticed Rupert
 31278 | D:14     | Killed Rupert
 32010 | D:14     | Found a gate to the Vaults.
 32173 | D:15     | Entered Level 15 of the Dungeon
 32528 | D:15     | Noticed Josephine
 32548 | D:15     | Killed Josephine
 32549 | D:15     | Reached skill level 10 in Fighting
 32549 | D:15     | Reached skill level 10 in Armour
 32801 | D:15     | Found a staircase to the Depths.
 33962 | Snake:1  | Entered Level 1 of the Snake Pit
 34005 | Snake:1  | Reached XP level 16. HP: 134/134 MP: 15/15
 34832 | Snake:1  | Found Nuowom's Antique Weapon Shoppe.
 34866 | Snake:1  | Found Gucomorch's Book Emporium.
 34994 | Snake:1  | Found Yzximmam's Book Shoppe.
 35808 | Snake:2  | Found a runed translucent gate.
 35808 | Snake:2  | Found a runed translucent gate.
 35808 | Snake:2  | Found a runed translucent gate.
 35812 | Snake:2  | Noticed Ciekar's ghost (adept MiWr)
 35812 | Snake:2  | Noticed Efeterghoju's ghost (adept GnCj)
 36513 | Snake:2  | Reached skill level 10 in Shields
 38266 | Snake:4  | Entered Level 4 of the Snake Pit
 38609 | Snake:4  | Reached XP level 17. HP: 57/146 MP: 0/16
 40174 | Snake:4  | Noticed Vashnia
 40243 | Snake:4  | Killed Vashnia
 41649 | Snake:4  | Got a serpentine rune of Zot
 42050 | Snake:4  | Identified the +3 leather armour of Gehenna {+Blink rElec
                  | Stlth-}
 42077 | Snake:4  | Reached skill level 15 in Throwing
 42194 | Shoals:1 | Entered Level 1 of the Shoals
 42239 | Shoals:1 | shit accuracy
 43647 | Shoals:1 | Acquired a +1 tower shield of protection
 43812 | Shoals:1 | Identified the ring "Juaxoth" {Fly rPois rF+ rC+ Will+}
 44745 | Shoals:2 | Identified the ring of the Genius {rC- Will+ Str+2 Dex+5
                  | SInv}
 44812 | Shoals:2 | Reached XP level 18. HP: 147/158 MP: 17/17
 44921 | Shoals:2 | Found Bifeu's Antique Weapon Shop.
 45499 | Shoals:3 | Identified the ring "Laarouma" {rF+ rN+}
 46152 | Shoals:3 | Noticed Nikola
 46159 | Shoals:3 | Killed Nikola
 46444 | Shoals:3 | Found a burning altar of Makhleb.
 46736 | Shoals:4 | Entered Level 4 of the Shoals
 47335 | Shoals:4 | Noticed Ilsuiw
 47561 | Shoals:4 | Identified the +3 scythe "Nigyusenk" {freeze, rPois SInv}
 47561 | Shoals:4 | Identified the +8 chain mail of Ennui {Str+4}
 47854 | Shoals:3 | did shoals get damage buffed?
 48620 | Shoals:4 | Killed Ilsuiw
 48955 | Shoals:4 | where the fuck are the stairs
 49409 | Shoals:4 | Got a barnacled rune of Zot
 51558 | Elf:1    | Entered Level 1 of the Elven Halls
 52066 | Elf:1    | Found Gann's Armour Boutique.
 52082 | Elf:1    | Noticed Naub's ghost (adept HaCK)
 52090 | Elf:1    | Found Ucraleod's Book Shoppe.
 52090 | Elf:1    | Found Nupeluss's Assorted Antiques.
 52090 | Elf:1    | Found Teol's Assorted Antiques.
 52093 | Elf:1    | Found Icypil's Distillery.
 52097 | Elf:1    | Bought a scroll of blinking for 165 gold pieces
 52097 | Elf:1    | Bought a bone wand for 88 gold pieces
 52097 | Elf:1    | Bought a scroll of acquirement for 1144 gold pieces
 52097 | Elf:1    | Bought a scroll of enchant armour for 165 gold pieces
 52097 | Elf:1    | Bought a potion of might for 88 gold pieces
 52097 | Elf:1    | Bought a scroll of fear for 77 gold pieces
 52110 | Elf:1    | Acquired 365 gold pieces
 52115 | Elf:1    | Bought a potion of curing for 48 gold pieces
 52115 | Elf:1    | Bought a potion of attraction for 48 gold pieces
 52115 | Elf:1    | Bought a potion of attraction for 48 gold pieces
 52115 | Elf:1    | Bought a potion of attraction for 48 gold pieces
 52127 | Elf:1    | Bought a scroll of magic mapping for 147 gold pieces
 52127 | Elf:1    | Bought a scroll of enchant armour for 315 gold pieces
 52127 | Elf:1    | Bought a potion of heal wounds for 210 gold pieces
 52127 | Elf:1    | Bought a pair of runed boots for 315 gold pieces
 52127 | Elf:1    | Bought 2 potions of attraction for 252 gold pieces
 52127 | Elf:1    | Bought a scroll of teleportation for 126 gold pieces
 52225 | Elf:1    | Noticed a Hell Sentinel
 52233 | Elf:1    | Noticed a Hell Sentinel
 52359 | Elf:1    | Noticed Asterion
 52371 | Elf:1    | Killed Asterion
 52372 | Elf:1    | Reached skill level 15 in Fighting
 52522 | Elf:1    | Found a transporter.
 52536 | Elf:1    | Found a transporter.
 52804 | Elf:2    | Found a frozen archway.
 52825 | Elf:2    | Reached XP level 19. HP: 159/170 MP: 18/18
 52841 | IceCv    | Entered an ice cave
 53371 | IceCv    | Identified the +11 hand axe "Nusch" {freeze, rPois rN+
                  | Str-2}
 53376 | IceCv    | Identified the +7 long sword "Geenax" {vorpal, rPois rF+}
 53813 | Elf:2    | Found a runed translucent gate.
 53813 | Elf:2    | Found a runed translucent gate.
 53816 | Elf:2    | Found a runed translucent gate.
 53982 | Elf:2    | Noticed Agnes
 53991 | Elf:2    | Killed Agnes
 54554 | Elf:2    | Reached skill level 15 in Shields
 55195 | Elf:1    | Reached skill level 15 in Armour
 55681 | Elf:1    | that fucking ac
 55695 | Elf:1    | Killed Naub's ghost
 56011 | Elf:1    | Identified the +2 pair of boots of Misanthropy {rElec rPois
                  | rF+ Stlth+}
 56025 | Elf:1    | Identified the Compendium of the Supportive Volcanoes
 56100 | Elf:3    | Entered Level 3 of the Elven Halls
 56847 | Elf:3    | didn't get many javs in shoals
 56854 | Elf:3    | Identified the +10 battleaxe "Weilypag" {vamp, rPois Int+6
                  | SInv Stlth+}
 56879 | Elf:3    | Reached XP level 20. HP: 140/182 MP: 19/19
 56908 | Elf:3    | nice stabbing weapon
 57239 | Elf:3    | Identified the +4 hand axe "Cuypp" {vorpal, Fly rF+ Str-4
                  | Stlth+}
 57264 | Elf:3    | Identified the +6 war axe "Iracsod" {vamp, rPois rC+ MP+9
                  | Dex-5}
 57363 | Elf:3    | Acquired the ring of Sohojo {Fly rN+++ Will++ Dex-2}
 57370 | Elf:3    | Identified the +8 scythe "Uxuvvax" {holy, rN++ Will-}
 57373 | Elf:3    | Identified the +0 robe "Piteach" {Stlth+}
 57395 | Elf:3    | Found the +6 shillelagh "Devastator" {shatter}
 57400 | Elf:3    | Identified the Handbook of Earthen Transmigration
 57717 | Elf:3    | Identified the +2 pair of gloves "Gemazxil" {rN++ Int-2
                  | Dex+5}
 58010 | Vaults:1 | Entered Level 1 of the Vaults
 58567 | Vaults:1 | Reached skill level 15 in Evocations
 60401 | Vaults:2 | Reached XP level 21. HP: 190/193 MP: 20/20
 60754 | Vaults:2 | Found Likogej's Distillery.
 61029 | Vaults:2 | Identified the +7 mace of Ragnarok {vorpal, +Rage Str+3}
 61044 | Vaults:2 | Bought a potion of mutation for 120 gold pieces
 61044 | Vaults:2 | Bought a potion of mutation for 120 gold pieces
 61044 | Vaults:2 | Bought a potion of curing for 45 gold pieces
 61044 | Vaults:2 | Bought a potion of cancellation for 120 gold pieces
 61044 | Vaults:2 | Bought a potion of heal wounds for 75 gold pieces
 61044 | Vaults:2 | Bought a potion of might for 60 gold pieces
 61044 | Vaults:2 | Bought a potion of heal wounds for 75 gold pieces
 61044 | Vaults:2 | Bought a potion of curing for 45 gold pieces
 61044 | Vaults:2 | Bought a potion of might for 60 gold pieces
 61168 | Vaults:2 | Found a staircase to the Crypt.
 61619 | Vaults:3 | Found a ruined gateway.
 61647 | Desolati | Entered the Desolation of Salt
 62033 | Desolati | Identified the ring "Home" {rC- AC+4 SInv Stlth+}
 62038 | Desolati | Identified the +10 double sword of the Lettuce {flame,
                  | *Noise *Corrode +Blink rElec}
 62234 | Desolati | Identified the Reference Book on Stones and the Traveller
 62239 | Desolati | Identified the ring "Lentaiji" {rCorr MP+9 Int+3 Dex+2
                  | Stlth+}
 63285 | Desolati | Identified the ring "Morgh" {rPois Will+ EV+4}
 63940 | Vaults:3 | Noticed Margery
 63965 | Vaults:3 | Killed Margery
 64851 | Vaults:3 | Noticed Boris
 64866 | Vaults:3 | Killed Boris
 64958 | Vaults:3 | Reached XP level 22. HP: 206/206 MP: 21/21
 66701 | Vaults:4 | Noticed an ancient lich
 66735 | Vaults:4 | Found Ezijen's Book Emporium.
 66856 | Vaults:4 | Found Icrysick's Book Boutique.
 66880 | Vaults:4 | Found Jofu's Distillery.
 66881 | Vaults:4 | Found Geqie's Book Shoppe.
 66887 | Vaults:4 | Bought a potion of curing for 48 gold pieces
 66887 | Vaults:4 | Bought a potion of curing for 48 gold pieces
 66887 | Vaults:4 | Bought a potion of heal wounds for 80 gold pieces
 66887 | Vaults:4 | Bought a potion of invisibility for 128 gold pieces
 66887 | Vaults:4 | Bought a potion of resistance for 160 gold pieces
 66887 | Vaults:4 | Bought a potion of invisibility for 128 gold pieces
 66887 | Vaults:4 | Bought a potion of lignification for 48 gold pieces
 66887 | Vaults:4 | Bought a potion of heal wounds for 80 gold pieces
 66887 | Vaults:4 | Bought a potion of might for 64 gold pieces
 67226 | Vaults:4 | Found Soliqash's Antique Weapon Boutique.
 67597 | Vaults:5 | Entered Level 5 of the Vaults
 67598 | Vaults:5 | Noticed an ancient lich
 67614 | Vaults:5 | Killed an ancient lich
 67633 | Vaults:5 | Reached XP level 23. HP: 78/217 MP: 22/22
 67635 | Vaults:5 | Noticed an ancient lich
 67635 | Vaults:5 | HP: 3/208 [deep elf high priest/a malign offering (24)]
 67683 | Vaults:5 | Killed from afar by a deep elf sorcerer

Illustrated notes ≈≈≈≈≈≈≈≈≈≈≈≈≈.. ≈≈≈≈≈≈≈≈≈≈≈≈≈.. .≈≈≈≈≈≈≈≈≈≈≈≈≈≈≈≈ ..≈≈≈≈≈≈≈≈≈≈≈≈≈≈≈ $≈≈≈≈≈≈≈≈≈≈≈≈≈≈≈≈≈ █..≈≈≈≈≈≈)≈≈≈≈≈≈ ██...≈..<≈≈≈≈≈≈≈≈ █......█.≈≈≈≈≈≈≈≈ >...≈≈@..≈)≈≈≈≈≈≈ $ .≈≈≈≈≈≈≈≈≈≈≈≈≈≈≈≈ ≈≈≈≈≈≈≈≈≈≈≈≈≈≈≈≈≈ ≈≈≈≈≈≈≈≈≈≈≈≈≈≈≈≈≈ ≈≈≈≈≈≈≈≈≈≈≈≈≈≈≈≈≈ ≈≈≈≈≈≈≈≈≈≈≈≈≈≈≈≈≈ ≈≈≈≈≈≈≈≈≈≈≈≈≈≈≈≈≈ Turn 42239 on Shoals:1: shit accuracy █████████████████████████████████

≈≈≈≈≈≈≈≈≈≈≈≈≈≈≈≈≈≈≈≈≈≈≈≈≈≈≈≈≈≈≈≈≈
≈≈≈≈≈≈≈≈≈≈≈≈≈≈≈≈≈≈≈≈≈≈≈≈≈≈≈≈≈≈≈≈≈
≈≈≈≈≈≈≈≈≈≈≈≈≈≈≈≈≈≈≈≈≈≈≈≈≈≈≈≈≈≈≈≈≈
≈≈≈≈≈≈≈≈≈≈≈≈≈≈≈≈≈≈≈≈≈≈≈≈≈≈≈≈≈≈≈≈≈
≈≈≈≈≈≈≈≈≈≈≈≈≈..≈≈≈≈≈≈≈≈≈≈≈≈≈≈≈≈≈≈
≈≈≈≈≈≈≈≈≈≈...██...≈≈≈≈≈≈≈≈≈≈≈≈≈≈≈
.≈≈≈≈≈≈≈≈≈...██....≈≈≈≈≈≈≈≈≈≈≈≈≈≈
.≈≈≈≈..≈........@≈≈≈≈≈≈≈≈≈≈≈≈≈≈≈≈
..≈≈≈.............≈.≈≈≈≈≈≈≈≈≈≈≈≈≈
≈≈≈≈................≈≈≈.≈≈≈≈≈≈≈≈≈
≈≈≈≈...........██...≈≈≈..≈≈≈≈≈≈≈≈
≈≈≈≈██......██..█....≈≈..≈≈≈≈≈≈≈≈
≈≈..███....████...█..≈≈.≈≈≈≈≈≈≈≈≈
≈≈.......█.█████████.≈≈.≈..≈≈≈≈≈≈
≈≈≈≈≈≈(≈.......█ ███.≈≈≈.≈≈≈≈≈≈≈≈
≈≈≈≈≈≈≈≈..≈....███...≈≈≈≈≈≈≈≈≈≈≈≈


Turn 47854 on Shoals:3: did shoals get damage buffed? ≈≈█ ≈≈ █....
m≈≈≈≈≈≈█≈≈≈█≈.... ≈≈≈≈≈≈≈≈█≈█≈..... ≈ ≈≈≈≈≈.........≈≈ ≈≈██≈≈.≈...≈≈≈.≈≈≈
█≈≈≈≈≈.≈≈...$≈.... ██≈≈≈..≈...≈§§..█ ≈≈≈≈≈..$.≈≈≈§§§..≈ ≈≈≈t≈§≈§§@≈≈§§§≈≈≈
≈≈≈≈§§≈§$H≈≈§§§≈≈≈ ≈≈≈§§§°≈≈≈m≈≈≈§≈≈≈ █ ≈≈≈≈≈§§§§≈≈≈≈≈§≈≈≈ ██
≈≈≈§§§§§§≈≈≈≈m≈≈≈≈≈≈≈≈≈≈.. ≈≈≈≈≈≈≈≈≈≈≈≈≈≈≈≈≈ ≈≈≈≈≈≈≈≈ ≈≈≈≈≈≈..≈≈≈≈≈≈≈ ≈≈≈≈≈≈≈≈
≈.......≈≈≈≈≈ ≈....≈≈≈ ......≈≈ Turn 48955 on Shoals:4: where the fuck are the
stairs '██ █.███ █......█♣....... .█ █...█ ████[████♣....∩. .█ ███.█████████.██
█♣..... .██ █............█████♣..█. ..█████ █..█████████....███♣... ......█
█.██.......██.█.█.███.█ ....█.█████.█8§█§§§█.8█.█.█.█ █.█
............█.§.█§█.."█.█.█.███.█ ....█.███...█.§§@....?█......)..█ ....█.█
█..©█.eW$©§..[█©..█.██... .████.█ ██..█.t$§.§§..█...█.....█ .████.█
██.█.e.█.█..:█...███████ ......█ █.█8§█§.§█.8█......█ ██ .██████
█.██§.....©██.████.█ █. .^█ █..█████████..█ █.█ █. ..█ ██............████.███.
..████████ ████████████....(..... Turn 55681 on Elf:1: that fucking ac $$$ $ $
$$ $$ $ ... $ $$ $$ ██.██ $ $ {{█...█$$ $$█...█$$ .$. ████ ███.██ ...█ █..@.█
...██ ███.§..██ ..(.█ █$$$..$.█ ...██ █.█████.█ ...█████████.█ .█ █............█
.█ █..███..)█████ █ █.....███..█ █..█.██ ██.█ Turn 56847 on Elf:3: didn't get
many javs in shoals ███ ..█ ███ ███.....███ .......(. $$$ ..$$$.. $ $ $$ .$$$.
$$ $ §$$$§ $ $$ ${ ██$██ { $ $ $$█.@.█$$ ${█$$.█$$ █$$$█ ████ ███.██ ...█ █..).█
...██ ███....██ ..(.█ █$$$..$.█ ...██ █.█████.█ ...█████████.█ .█ Turn 56908 on
Elf:3: nice stabbing weapon

Levels and vault maps discovered:
D:1:      ncdulo_smallfort, layout_loops_corners, roderic_lattice_a
D:2:      layout_basic, minmay_split_cup_small, uniq_sigmund
D:3:      layout_rooms
D:4:      layout_cave_pools, uniq_crazy_yiuf_cottage, uniq_ijyb, uniq_natasha
D:5:      layout_layer_cave, temple_doors_e, uniq_prince_ribbit1
D:6:      layout_rooms, general_overflow_altar, nicolae_dithmenos_shadow_blocks,
          minmay_guarded_unrand_staff_of_olgreb
D:7:      layout_layer_cave, lemuel_round_altar, serial_shops,
          kennysheep_mini_moat, shop, minmay_stone_trees_medium
D:8:      layout_basic, serial_shops, nicolae_shop_waterfront,
          nicolae_shop_trees, shop, shop, minmay_quadrilaterals
D:9:      layout_long_grid, david_lair_generic, gammafunk_ghost_icy
D:10:     layout_long_grid, regret_index_temple_of_mockery,
          kennysheep_slug_shrine, kennysheep_little_box,
          kennysheep_vampire_church, nicolae_wu_jian_wuxing_cycle,
          zombieorc2_lemuel
D:11:     layout_basic, serial_shops, shop, enter_bailey_5
D:12:     hangedman_cross_cluster, layout_gridville, fedhas_ov_isle_minmay,
          uniq_nergalle
D:13:     layout_long_grid
D:14:     layout_cave_pools, david_vaults_5, kennysheep_crisscross, uniq_rupert,
          uniq_kirke, uniq_nessos
D:15:     hangedman_depths_entry_try_elsewhere_first, layout_loops_corners,
          serial_park_gazebo [serial_park_minivault_5x5_8], uniq_josephine
Temple:   cyrus_circular_temple
Lair:1:   layout_cave_pods, beast_lair_carwin_3
Lair:2:   gammafunk_indiana_jones, layout_long_grid,
          minmay_shoals_entry_lonely_mermaid, guppyfry_snake_entry_island,
          nicolae_quartered_pool_little, nzn_random_ring
Lair:3:   layout_big_grid, infiniplex_staircase_pool, grunt_megastairs_3,
          uniq_fannar
Lair:4:   layout_cellular_growth
Lair:5:   layout_gridlike, patterned_corridor
Lair:6:   evilmike_catoblepas_cave, layout_gridlike,
          nicolae_slime_entry_slimehenge, chequers_serial_rivers_room_b,
          lemuel_fruit_tree
Shoals:1: layout_shoals, nicolae_shoals_drake_roost
Shoals:2: layout_shoals, serial_shops, nicolae_shop_statue_plus
Shoals:3: layout_shoals, lemuel_centaur_altar, uniq_nikola
Shoals:4: shoals_end_grunt_garden, layout_shoals, shoal_ilsuiw
Snake:1:  layout_misc_corridors, hangedman_snake_corridor_split,
          minmay_shop_star, grunt_megastairs_2
Snake:2:  layout_grid_maze, gammafunk_ghost_cemetery, serial_bayou_shore_b,
          serial_bayou_shore_a
Snake:3:  layout_cave_shapes
Snake:4:  johnstein_snake_rune_scales, layout_cave_town,
          nicolae_snake_round_shape_thing
Orc:1:    layout_caves
Orc:2:    grunt_orc_cross, layout_caves, basic_altar, gammafunk_ghost_cemetery,
          serial_shops, nicolae_shop_trees
Elf:1:    elf_arrival_001, layout_loops_corners, serial_shops, shop,
          gammafunk_ghost_arena, hangedman_elf_disciples, minmay_shoptagon,
          uniq_asterion
Elf:2:    layout_gridlike, portal_ice_cave_entry_ice_statue_two,
          nicolae_elf_m_pinch, sword_in_stone
Elf:3:    minmay_elf_hall_not_hex, layout_loops_ring, due_unseen_surprise
Vaults:1: v_rooms_3, nicolae_vaults_inception_network, v_misc_8, v_misc_33,
          vaults_mumra_hexcomb, v_misc_8, v_misc_11, nicolae_vaults_network_s,
          nicolae_vaults_angled_halls, ontoclasm_vaults_shuriken,
          vaults_mumra_hex, nicolae_vaults_rhombus_7,
          ontoclasm_vaults_decontamination, layout_vaults_big_cross
Vaults:2: minmay_crypt_entry_simple_statues, nicolae_vaults_sealed_display,
          v_misc_17, v_pattern_1, vaults_room_stairs_pillars, v_misc_1,
          grunt_vaults_funnel, st_spiral_rooms, serial_ice_b,
          ontoclasm_vaults_hangar, v_rooms_2, hangedman_vaults_stagger,
          layout_vaults_omnibox, serial_shops, nicolae_shop_window_shopping
Vaults:3: nicolae_vaults_twisting_passages, nicolae_vaults_ring_of_whatevers,
          vaults_mumra_lcd, vaults_mumra_minichess, hangedman_vaults_slice,
          hangedman_vaults_stretched_pinwheel, hangedman_vaults_impose,
          ontoclasm_vaults_pinch, nicolae_vaults_stairing_the_circle,
          layout_vaults_omnigrid, portal_desolation_entry_salt, uniq_margery,
          uniq_boris
Vaults:4: v_misc_17, v_rooms_6, hangedman_vaults_maws,
          ontoclasm_vaults_ligature, nicolae_vaults_mini_display_case,
          ontoclasm_vaults_twist, st_smaller_cells, v_pattern_2, v_misc_14,
          hangedman_vaults_slice, grunt_vaults_hallway_short,
          nicolae_vaults_specimen_jars, layout_vaults_ring, serial_shops, shop,
          shop, shop, shop, shop
Vaults:5: serial_shops

Skill      XL: |  1  2  3  4  5  6  7  8  9 10 11 12 13 14 15 16 17 18 19 20 21 22 |
---------------+-------------------------------------------------------------------+-----
Fighting       | 3 6 7 8 10 12 13 15 16 17 19 20 | 20.8
Short Blades   | 4 7 10 | 10.0
Dodging        | 4 8 |  8.1
Evocations     | 4 8 10 11 12 13 14 15 16 | 16.0
Staves         | 7 10 12 | 12.0
Throwing       | 8 9 11 12 13 17 18 | 18.3
Shields        | 5 6 8 11 12 14 16 17 18 20 | 20.3
Armour         | 4 7 8 10 11 12 14 15 17 18 20 | 20.1
Stealth        | 1 5 7 8 |  8.0

Action                   |  1- 3 |  4- 6 |  7- 9 | 10-12 | 13-15 | 16-18 | 19-21 | 22-24 || total
-------------------------+-------+-------+-------+-------+-------+-------+-------+-------++-------
Melee: Short sword       |    47 |    21 |       |       |       |       |       |       ||    68
       Headbutt          |    10 |    15 |    41 |    91 |   195 |   273 |   420 |   100 ||  1145
       War axe           |       |    41 |       |       |       |       |       |       ||    41
       Hand axe          |       |    14 |       |       |       |       |       |       ||    14
       Dagger            |       |    35 |   277 |   149 |       |       |       |       ||   461
       Staff             |       |       |    10 |   376 |   738 |  1294 |  1642 |   369 ||  4429
       Kick              |       |       |       |    96 |   156 |       |       |       ||   252
Throw: Javelin           |     6 |     5 |    29 |       |       |    15 |    34 |    18 ||   107
       Throwing net      |       |       |     8 |       |       |       |       |       ||     8
       Boomerang         |       |       |       |       |    54 |   378 |   123 |     8 ||   563
       Dart              |       |       |       |       |       |     3 |       |       ||     3
 Abil: Evoke Invisibilit |       |       |       |     1 |     4 |       |     2 |       ||     7
Evoke: Wand              |       |    10 |     3 |    19 |    49 |    30 |    19 |     3 ||   133
       Staff of Olgreb   |       |       |     8 |    65 |    97 |    35 |    14 |     7 ||   226
       Condenser vane    |       |       |       |       |     1 |     6 |     1 |     1 ||     9
       Box of beasts     |       |       |       |       |       |     2 |     2 |       ||     4
  Use: Scroll            |       |    10 |     7 |    10 |     6 |     9 |     9 |     7 ||    58
       Potion            |       |     1 |     2 |     1 |     2 |       |       |     1 ||     7
 Stab: Sleeping          |     1 |       |       |       |    10 |    13 |       |       ||    24
       Held in net/web   |       |       |     2 |       |       |       |       |       ||     2
       Distracted        |       |       |     1 |     4 |     9 |    17 |    10 |     9 ||    50
       Paralysed         |       |       |     1 |    13 |     8 |     4 |       |       ||    26
       Invisible         |       |       |       |     2 |    12 |       |     6 |       ||    20
       Petrifying        |       |       |       |       |     1 |       |       |       ||     1
Armor: Ring mail         |     4 |    51 |     4 |       |       |       |       |       ||    59
       Plate armour      |       |       |   142 |   106 |       |       |       |       ||   248
       Chain mail        |       |       |       |    71 |   254 |   343 |       |       ||   668
       Crystal plate arm |       |       |       |       |       |    19 |   574 |    98 ||   691
Dodge: Dodged            |    30 |    83 |    60 |   127 |   255 |   359 |   201 |    45 ||  1160
Block: Kite shield       |       |       |       |    64 |     5 |   807 |   221 |       ||  1097
       Buckler           |       |       |       |     3 |    78 |       |       |       ||    81
       Reflection        |       |       |       |       |       |       |    74 |    28 ||   102
       Tower shield      |       |       |       |       |       |       |  1331 |   387 ||  1718

Table legend: (Time is in decaauts)
 A = Elapsed time spent in this place.
 B = Non-inter-level travel time spent in this place.
 C = Inter-level travel time spent in this place.
 D = Time resting spent in this place.
 E = Time spent auto-exploring this place.
 F = Levels seen in this place.
 G = Mean time per level.
                   A        B        C        D        E       F      G
               +--------+--------+--------+--------+--------+-----+--------+
         Total |  66178 |  62607 |   3571 |   5259 |  47266 |  43 | 1539.0 |
       Dungeon |  20092 |  18537 |   1555 |   1178 |  15066 |  15 | 1339.5 |
        Temple |     56 |     46 |     10 |      0 |     44 |   1 |   56.0 |
          Lair |   9809 |   9330 |    479 |    264 |   7969 |   6 | 1634.8 |
        Shoals |   9029 |   8649 |    380 |   2419 |   4848 |   4 | 2257.2 |
     Snake Pit |   7981 |   7705 |    276 |    764 |   5593 |   4 | 1995.2 |
  Orcish Mines |   3494 |   3264 |    230 |      1 |   2742 |   2 | 1747.0 |
   Elven Halls |   5222 |   4849 |    373 |    238 |   3630 |   3 | 1740.7 |
        Vaults |   7263 |   6997 |    266 |     26 |   5411 |   5 | 1452.6 |
        Bailey |    439 |    439 |      0 |      0 |    207 |   1 |  439.0 |
      Ice Cave |    795 |    795 |      0 |      0 |    586 |   1 |  795.0 |
    Desolation |   1994 |   1994 |      0 |    368 |   1169 |   1 | 1994.0 |
               +--------+--------+--------+--------+--------+-----+--------+

Top non-repeatable levels by time:
Shoals:3: 4032 daAuts
 Snake:4: 3426 daAuts
   Orc:2: 2529 daAuts
  Lair:2: 2441 daAuts
Shoals:1: 2148 daAuts
  Lair:1: 2104 daAuts
   Elf:1: 2092 daAuts
Desolation: 1994 daAuts
Vaults:1: 1944 daAuts
Vaults:3: 1906 daAuts
 Snake:2: 1872 daAuts
Vaults:4: 1839 daAuts
     D:8: 1791 daAuts
    D:12: 1751 daAuts
Shoals:4: 1734 daAuts
